[ AOE2 MATCH · #475834543 ]
UnrankedItalians vs Italians
Player's team · LOSS
[ REPLAY ANALYSIS · EXTRACTED FROM THE RECORDED GAME ]
Feudal
10:06
Castle
13:50
Imperial
26:54
| APM avg | 37.2 |
| APM peak | 65 |
| eAPM avg | 19.7 |
| Villagers / military | 114 / 64 |
Focus
⚔️ 39.6% · 🌾 60.4%
Genoese Crossbowman ×52 · Bombard Cannon ×10 · Petard ×2 · Unknown (1105) ×1
Feudal
10:36
Castle
14:31
Imperial
34:02
| APM avg | 39.7 |
| APM peak | 78 |
| eAPM avg | 26.5 |
| Villagers / military | 77 / 31 |
Focus
⚔️ 27.4% · 🌾 72.6%
Genoese Crossbowman ×20 · Mangonel ×8 · Trebuchet (Packed) ×2 · Battering Ram ×1
Feudal
10:59
Castle
14:57
Imperial
—
| APM avg | 41.1 |
| APM peak | 110 |
| eAPM avg | 20.9 |
| Villagers / military | 142 / 64 |
Focus
⚔️ 30.3% · 🌾 69.7%
Spearman ×29 · Camel Scout ×15 · Knight ×10 · Battering Ram ×8 · Monk ×1 · Scout Cavalry ×1
Feudal
10:56
Castle
14:38
Imperial
—
| APM avg | 52.1 |
| APM peak | 99 |
| eAPM avg | 22.7 |
| Villagers / military | 122 / 59 |
Focus
⚔️ 29.9% · 🌾 70.1%
Camel Scout ×42 · Archer ×10 · Monk ×3 · Knight ×3 · Scout Cavalry ×1
Feudal
8:35
Castle
25:29
Imperial
33:23
| APM avg | 28.8 |
| APM peak | 82 |
| eAPM avg | 17.4 |
| Villagers / military | 58 / 20 |
Focus
⚔️ 18.7% · 🌾 81.3%
Spearman ×12 · Teutonic Knight ×3 · Trebuchet (Packed) ×3 · Bombard Cannon ×2
Feudal
11:21
Castle
15:27
Imperial
22:05
| APM avg | 25.7 |
| APM peak | 62 |
| eAPM avg | 17.0 |
| Villagers / military | 110 / 45 |
Focus
⚔️ 25.3% · 🌾 74.7%
Archer ×21 · Skirmisher ×17 · Bombard Cannon ×4 · Scorpion ×2 · Trebuchet (Packed) ×1
Feudal
11:01
Castle
14:35
Imperial
30:44
| APM avg | 32.8 |
| APM peak | 109 |
| eAPM avg | 22.1 |
| Villagers / military | 135 / 66 |
Focus
⚔️ 41.5% · 🌾 58.5%
Mangudai ×64 · Scorpion ×2
Feudal
10:57
Castle
14:53
Imperial
31:10
| APM avg | 46.6 |
| APM peak | 106 |
| eAPM avg | 21.7 |
| Villagers / military | 139 / 126 |
Focus
⚔️ 21.9% · 🌾 78.1%
Knight ×114 · Monk ×5 · Scout Cavalry ×4 · Trebuchet (Packed) ×3
Match map
Initial resources + every placement click. Lines = walls · curves = elevation contours. ◆ gold · ⬟ stone · ● berries · ✦ relic · ◌ wall gap
Your base· ✓ Closed at 13:50 · 0t walls · 2 gate(s)
Dekodie's base· ✓ Closed at 14:31 · 25t walls · 2 gate(s)
GDL Paquita Industrial's base· ✓ Closed at 14:57 · 11t walls · 3 gate(s)
vulpecula's base· ✓ Closed at 14:38 · 0t walls · 5 gate(s)
[GDL] El Bromas's base· ✓ Closed at 25:29 · 1t walls · 2 gate(s)
Twitch/SyMess's base· ✓ Closed at 15:27 · 0t walls · 2 gate(s)
Cc's base· ✓ Closed at 14:35 · 0t walls · 2 gate(s)
[GDL] Nicky's base· ✓ Closed at 14:53 · 0t walls · 2 gate(s)
Smoothed initial terrain · ◌ = detected wall gap · hover for details
Inputs per minute
— NYU - - Dekodie
Build order — NYU
First 150 of 255 actions detected
| 0:01 | Queue | Villager (Male) |
| 0:01 | Queue | Villager (Male) |
| 0:02 | Queue | Villager (Male) |
| 0:03 | Build | House |
| 0:04 | Build | House |
| 0:09 | Queue | Villager (Male) |
| 0:09 | Queue | Villager (Male) |
| 1:11 | Queue | Villager (Male) |
| 1:12 | Queue | Villager (Male) |
| 1:46 | Build | Lumber Camp |
| 1:52 | Queue | Villager (Male) |
| 1:52 | Queue | Villager (Male) |
| 2:16 | Queue | Villager (Male) |
| 2:16 | Queue | Villager (Male) |
| 2:31 | Queue | Villager (Male) |
| 2:32 | Queue | Villager (Male) |
| 3:14 | Queue | Villager (Male) |
| 3:14 | Queue | Villager (Male) |
| 3:28 | Queue | Villager (Male) |
| 3:28 | Queue | Villager (Male) |
| 3:39 | Queue | Villager (Male) |
| 3:39 | Queue | Villager (Male) |
| 3:49 | Build | House |
| 3:51 | Build | House |
| 3:52 | Build | House |
| 3:59 | Queue | Villager (Male) |
| 3:59 | Queue | Villager (Male) |
| 4:21 | Build | Mill |
| 4:29 | Queue | Villager (Male) |
| 4:29 | Queue | Villager (Male) |
| 4:58 | Queue | Villager (Male) |
| 4:58 | Queue | Villager (Male) |
| 4:59 | Queue | Villager (Male) |
| 5:19 | Queue | Villager (Male) |
| 5:19 | Queue | Villager (Male) |
| 6:14 | Queue | Villager (Male) |
| 6:14 | Queue | Villager (Male) |
| 7:10 | Queue | Villager (Male) |
| 7:39 | Build | Mining Camp |
| 7:50 | Research | Feudal Age |
| 7:59 | Queue | Villager (Male) |
| 8:00 | Research | Loom |
| 8:04 | Build | Mining Camp |
| 10:06 | Age | Feudal Age |
| 10:10 | Build | Blacksmith |
| 10:19 | Build | Market |
| 10:45 | Research | Double-Bit Axe |
| 11:10 | Research | Castle Age |
| 11:33 | Research | Horse Collar |
| 11:35 | Build | Farm |
| 12:38 | Build | Farm |
| 13:42 | Queue | Villager (Male) |
| 13:42 | Queue | Villager (Male) |
| 13:50 | Age | Castle Age |
| 14:00 | Queue | Villager (Male) |
| 14:01 | Queue | Villager (Male) |
| 14:58 | Build | Castle |
| 15:02 | Queue | Villager (Male) |
| 15:03 | Queue | Villager (Male) |
| 15:08 | Build | Farm |
| 15:23 | Build | Farm |
| 15:38 | Queue | Villager (Male) |
| 15:38 | Queue | Villager (Male) |
| 15:56 | Build | Farm |
| 16:05 | Queue | Genoese Crossbowman |
| 16:05 | Queue | Genoese Crossbowman |
| 16:06 | Queue | Genoese Crossbowman |
| 16:08 | Queue | Villager (Male) |
| 16:09 | Queue | Villager (Male) |
| 16:15 | Build | Siege Workshop |
| 16:22 | Build | Lumber Camp |
| 16:36 | Queue | Genoese Crossbowman |
| 16:36 | Queue | Genoese Crossbowman |
| 16:42 | Queue | Villager (Male) |
| 16:43 | Queue | Villager (Male) |
| 16:48 | Queue | Villager (Male) |
| 16:49 | Queue | Villager (Male) |
| 17:05 | Queue | Villager (Male) |
| 17:05 | Queue | Villager (Male) |
| 17:09 | Queue | Unit 1105 |
| 17:10 | Queue | Genoese Crossbowman |
| 17:11 | Queue | Genoese Crossbowman |
| 17:11 | Queue | Genoese Crossbowman |
| 17:17 | Queue | Villager (Male) |
| 17:17 | Queue | Villager (Male) |
| 17:21 | Build | House |
| 17:22 | Build | House |
| 17:24 | Build | House |
| 17:28 | Queue | Villager (Male) |
| 17:28 | Queue | Villager (Male) |
| 17:32 | Research | Fletching |
| 17:33 | Queue | Villager (Male) |
| 17:33 | Queue | Villager (Male) |
| 17:35 | Queue | Genoese Crossbowman |
| 17:35 | Queue | Genoese Crossbowman |
| 18:04 | Queue | Genoese Crossbowman |
| 18:05 | Queue | Genoese Crossbowman |
| 18:26 | Build | Mining Camp |
| 18:26 | Queue | Villager (Male) |
| 18:27 | Queue | Villager (Male) |
| 18:27 | Queue | Villager (Male) |
| 18:27 | Queue | Villager (Male) |
| 18:47 | Queue | Villager (Male) |
| 18:47 | Queue | Villager (Male) |
| 19:30 | Queue | Villager (Male) |
| 19:30 | Queue | Villager (Male) |
| 19:31 | Queue | Villager (Male) |
| 19:35 | Build | Farm |
| 19:37 | Build | Farm |
| 19:38 | Build | Farm |
| 20:08 | Research | Bodkin Arrow |
| 20:36 | Build | Farm |
| 20:41 | Build | Farm |
| 20:42 | Build | Farm |
| 20:44 | Queue | Villager (Male) |
| 20:44 | Queue | Villager (Male) |
| 20:46 | Queue | Genoese Crossbowman |
| 20:47 | Queue | Genoese Crossbowman |
| 20:47 | Queue | Genoese Crossbowman |
| 21:13 | Queue | Villager (Male) |
| 21:13 | Queue | Villager (Male) |
| 21:14 | Queue | Villager (Male) |
| 21:17 | Build | Farm |
| 21:19 | Queue | Villager (Male) |
| 21:19 | Queue | Villager (Male) |
| 21:39 | Build | Farm |
| 21:40 | Queue | Villager (Male) |
| 22:39 | Build | Farm |
| 22:40 | Build | Farm |
| 22:42 | Build | Farm |
| 22:44 | Build | Farm |
| 23:44 | Research | Imperial Age |
| 23:44 | Research | Imperial Age |
| 24:15 | Queue | Petard |
| 24:19 | Queue | Petard |
| 24:27 | Queue | Genoese Crossbowman |
| 24:27 | Queue | Genoese Crossbowman |
| 25:39 | Queue | Genoese Crossbowman |
| 25:39 | Queue | Genoese Crossbowman |
| 25:39 | Queue | Genoese Crossbowman |
| 25:46 | Queue | Villager (Male) |
| 25:46 | Queue | Villager (Male) |
| 25:52 | Research | Padded Archer Armor |
| 26:21 | Queue | Villager (Male) |
| 26:22 | Queue | Villager (Male) |
| 26:28 | Queue | Genoese Crossbowman |
| 26:28 | Queue | Genoese Crossbowman |
| 26:28 | Queue | Genoese Crossbowman |
| 26:34 | Research | Bow Saw |
| 26:39 | Build | University |
Build order — Dekodie
First 150 of 173 actions detected
| 0:01 | Queue | Villager (Male) |
| 0:01 | Queue | Villager (Male) |
| 0:01 | Queue | Villager (Male) |
| 0:02 | Queue | Villager (Male) |
| 0:03 | Build | House |
| 0:04 | Build | House |
| 1:24 | Queue | Villager (Male) |
| 2:01 | Queue | Villager (Male) |
| 2:28 | Queue | Villager (Male) |
| 2:29 | Queue | Villager (Male) |
| 2:36 | Build | Lumber Camp |
| 2:59 | Queue | Villager (Male) |
| 3:00 | Queue | Villager (Male) |
| 3:00 | Queue | Villager (Male) |
| 3:51 | Build | House |
| 3:55 | Queue | Villager (Male) |
| 3:56 | Queue | Villager (Male) |
| 3:56 | Queue | Villager (Male) |
| 3:56 | Queue | Villager (Male) |
| 5:25 | Queue | Villager (Male) |
| 5:25 | Queue | Villager (Male) |
| 5:26 | Queue | Villager (Male) |
| 5:29 | Build | Mill |
| 5:30 | Queue | Villager (Male) |
| 5:30 | Queue | Villager (Male) |
| 5:30 | Queue | Villager (Male) |
| 6:31 | Build | House |
| 6:46 | Research | Loom |
| 6:46 | Queue | Villager (Male) |
| 7:04 | Queue | Villager (Male) |
| 7:38 | Queue | Villager (Male) |
| 7:40 | Build | Mining Camp |
| 8:01 | Research | Feudal Age |
| 8:52 | Build | Palisade Wall |
| 9:05 | Build | Palisade Wall |
| 9:08 | Build | Palisade Wall |
| 9:10 | Build | Palisade Wall |
| 9:12 | Queue | Villager (Male) |
| 9:13 | Queue | Villager (Male) |
| 9:35 | Build | House |
| 10:10 | Queue | Villager (Male) |
| 10:36 | Age | Feudal Age |
| 10:40 | Build | Market |
| 10:46 | Build | Blacksmith |
| 10:58 | Build | Palisade Wall |
| 11:03 | Queue | Villager (Male) |
| 11:33 | Research | Castle Age |
| 11:40 | Queue | Villager (Male) |
| 12:05 | Build | House |
| 12:11 | Build | Palisade Wall |
| 12:31 | Build | Farm |
| 12:42 | Build | Palisade Wall |
| 13:12 | Queue | Villager (Male) |
| 13:16 | Build | House |
| 13:29 | Build | Palisade Wall |
| 13:40 | Build | Palisade Wall |
| 14:10 | Build | Palisade Wall |
| 14:31 | Age | Castle Age |
| 14:35 | Build | Siege Workshop |
| 14:38 | Queue | Villager (Male) |
| 14:57 | Build | Farm |
| 14:59 | Build | Farm |
| 15:08 | Build | Farm |
| 15:11 | Queue | Mangonel |
| 15:50 | Queue | Villager (Male) |
| 15:50 | Queue | Villager (Male) |
| 15:55 | Queue | Villager (Male) |
| 16:13 | Build | Farm |
| 16:15 | Build | Farm |
| 16:20 | Queue | Mangonel |
| 16:21 | Queue | Villager (Male) |
| 16:21 | Queue | Villager (Male) |
| 16:52 | Queue | Villager (Male) |
| 16:52 | Queue | Villager (Male) |
| 17:22 | Queue | Villager (Male) |
| 17:30 | Build | House |
| 17:33 | Build | House |
| 17:34 | Build | House |
| 17:36 | Build | Palisade Wall |
| 17:38 | Build | Palisade Wall |
| 17:47 | Queue | Villager (Male) |
| 18:15 | Build | Farm |
| 18:51 | Build | Mining Camp |
| 18:55 | Build | House |
| 19:16 | Queue | Villager (Male) |
| 19:26 | Build | Farm |
| 19:27 | Build | Farm |
| 19:37 | Build | House |
| 19:46 | Queue | Villager (Male) |
| 20:13 | Build | Farm |
| 20:24 | Queue | Villager (Male) |
| 20:30 | Queue | Battering Ram |
| 20:57 | Queue | Villager (Male) |
| 21:03 | Build | Farm |
| 21:27 | Queue | Villager (Male) |
| 21:53 | Queue | Villager (Male) |
| 22:11 | Queue | Villager (Male) |
| 22:16 | Queue | Villager (Male) |
| 22:41 | Queue | Villager (Male) |
| 23:36 | Queue | Villager (Male) |
| 23:41 | Build | Market |
| 25:03 | Queue | Villager (Male) |
| 25:05 | Build | Mining Camp |
| 25:32 | Queue | Villager (Male) |
| 25:44 | Queue | Villager (Male) |
| 26:14 | Build | Farm |
| 26:15 | Queue | Villager (Male) |
| 26:15 | Queue | Villager (Male) |
| 26:56 | Build | Town Center |
| 26:59 | Queue | Villager (Male) |
| 27:08 | Build | Farm |
| 27:12 | Queue | Villager (Male) |
| 27:20 | Queue | Mangonel |
| 27:20 | Queue | Mangonel |
| 27:44 | Build | Mining Camp |
| 27:58 | Queue | Villager (Male) |
| 28:21 | Queue | Villager (Male) |
| 28:21 | Queue | Villager (Male) |
| 28:46 | Build | Castle |
| 28:47 | Build | Farm |
| 28:47 | Build | Farm |
| 28:57 | Build | Palisade Wall |
| 30:06 | Build | Town Center |
| 30:52 | Research | Imperial Age |
| 30:53 | Research | Imperial Age |
| 30:54 | Queue | Villager (Male) |
| 30:54 | Queue | Villager (Male) |
| 30:54 | Queue | Villager (Male) |
| 30:55 | Queue | Villager (Male) |
| 31:03 | Queue | Villager (Male) |
| 31:24 | Research | Double-Bit Axe |
| 31:30 | Research | Gold Mining |
| 31:34 | Queue | Villager (Male) |
| 31:35 | Queue | Mangonel |
| 31:35 | Queue | Mangonel |
| 31:35 | Queue | Mangonel |
| 31:40 | Queue | Villager (Male) |
| 31:43 | Queue | Villager (Male) |
| 31:47 | Queue | Genoese Crossbowman |
| 31:47 | Queue | Genoese Crossbowman |
| 31:58 | Queue | Genoese Crossbowman |
| 31:58 | Queue | Genoese Crossbowman |
| 32:02 | Queue | Genoese Crossbowman |
| 32:13 | Queue | Genoese Crossbowman |
| 32:25 | Queue | Genoese Crossbowman |
| 32:25 | Queue | Genoese Crossbowman |
| 32:31 | Queue | Genoese Crossbowman |
| 32:34 | Queue | Villager (Male) |
| 32:36 | Queue | Villager (Male) |
| 32:43 | Research | Bow Saw |
Build order — GDL Paquita Industrial
First 150 of 341 actions detected
| 0:01 | Queue | Villager (Male) |
| 0:01 | Queue | Villager (Male) |
| 0:02 | Queue | Villager (Male) |
| 0:03 | Build | House |
| 0:04 | Build | House |
| 0:16 | Queue | Villager (Male) |
| 0:17 | Queue | Villager (Male) |
| 0:17 | Queue | Villager (Male) |
| 1:27 | Queue | Villager (Male) |
| 1:27 | Queue | Villager (Male) |
| 1:44 | Build | Lumber Camp |
| 2:00 | Queue | Villager (Male) |
| 2:00 | Queue | Villager (Male) |
| 2:15 | Queue | Villager (Male) |
| 2:15 | Queue | Villager (Male) |
| 2:43 | Queue | Villager (Male) |
| 3:03 | Queue | Villager (Male) |
| 3:03 | Queue | Villager (Male) |
| 3:19 | Build | House |
| 3:34 | Queue | Villager (Male) |
| 3:40 | Build | Mill |
| 3:50 | Build | House |
| 3:51 | Queue | Villager (Male) |
| 3:51 | Queue | Villager (Male) |
| 4:38 | Queue | Villager (Male) |
| 4:38 | Queue | Villager (Male) |
| 4:54 | Build | House |
| 5:00 | Queue | Villager (Male) |
| 5:00 | Queue | Villager (Male) |
| 5:19 | Build | Mining Camp |
| 5:22 | Queue | Villager (Male) |
| 5:23 | Queue | Villager (Male) |
| 5:23 | Queue | Villager (Male) |
| 5:36 | Queue | Villager (Male) |
| 5:37 | Queue | Villager (Male) |
| 6:19 | Queue | Villager (Male) |
| 6:53 | Build | Palisade Wall |
| 6:55 | Build | Palisade Wall |
| 7:20 | Queue | Villager (Male) |
| 7:20 | Queue | Villager (Male) |
| 7:20 | Queue | Villager (Male) |
| 7:21 | Queue | Villager (Male) |
| 7:36 | Build | Palisade Gate |
| 8:31 | Build | Mill |
| 8:36 | Research | Feudal Age |
| 9:07 | Queue | Villager (Male) |
| 9:07 | Queue | Villager (Male) |
| 10:28 | Queue | Villager (Male) |
| 10:59 | Age | Feudal Age |
| 11:02 | Queue | Villager (Male) |
| 11:06 | Build | Blacksmith |
| 11:11 | Build | Market |
| 11:51 | Queue | Villager (Male) |
| 12:32 | Research | Castle Age |
| 12:46 | Build | Farm |
| 12:47 | Build | Farm |
| 12:48 | Build | Farm |
| 12:49 | Build | Farm |
| 12:50 | Build | Farm |
| 12:51 | Build | Farm |
| 13:02 | Build | Barracks |
| 13:12 | Build | Farm |
| 13:49 | Build | House |
| 14:12 | Build | Stable |
| 14:15 | Queue | Villager (Male) |
| 14:17 | Research | Scale Barding Armor |
| 14:48 | Queue | Villager (Male) |
| 14:52 | Research | Double-Bit Axe |
| 14:57 | Build | House |
| 14:57 | Age | Castle Age |
| 15:10 | Queue | Knight |
| 15:10 | Queue | Knight |
| 15:16 | Queue | Villager (Male) |
| 15:30 | Build | Farm |
| 15:36 | Build | Farm |
| 15:48 | Queue | Villager (Male) |
| 16:01 | Queue | Knight |
| 16:03 | Queue | Villager (Male) |
| 16:07 | Build | Farm |
| 16:24 | Queue | Knight |
| 16:27 | Queue | Villager (Male) |
| 16:36 | Research | Loom |
| 16:45 | Build | House |
| 17:04 | Build | Town Center |
| 17:17 | Queue | Knight |
| 18:05 | Queue | Villager (Male) |
| 18:09 | Queue | Villager (Male) |
| 18:13 | Queue | Villager (Male) |
| 18:15 | Queue | Villager (Male) |
| 18:17 | Build | Town Center |
| 18:26 | Queue | Knight |
| 18:26 | Queue | Villager (Male) |
| 18:31 | Build | House |
| 18:45 | Queue | Villager (Male) |
| 18:53 | Build | Farm |
| 18:54 | Build | Farm |
| 19:01 | Build | Siege Workshop |
| 19:17 | Queue | Villager (Male) |
| 19:17 | Queue | Villager (Male) |
| 19:17 | Queue | Villager (Male) |
| 19:25 | Research | Forging |
| 19:27 | Queue | Knight |
| 19:32 | Build | Farm |
| 19:33 | Build | Farm |
| 19:46 | Queue | Knight |
| 19:59 | Queue | Villager (Male) |
| 20:03 | Build | Farm |
| 20:05 | Build | Farm |
| 20:24 | Queue | Scout Cavalry |
| 20:37 | Queue | Villager (Male) |
| 20:43 | Build | House |
| 20:47 | Build | House |
| 20:56 | Queue | Knight |
| 21:02 | Queue | Villager (Male) |
| 21:03 | Queue | Villager (Male) |
| 21:11 | Build | Farm |
| 21:12 | Build | Farm |
| 21:13 | Build | Farm |
| 21:13 | Build | Farm |
| 21:13 | Build | Farm |
| 21:13 | Build | Farm |
| 21:29 | Queue | Villager (Male) |
| 21:29 | Queue | Villager (Male) |
| 21:48 | Queue | Villager (Male) |
| 21:59 | Queue | Villager (Male) |
| 22:05 | Queue | Villager (Male) |
| 22:08 | Build | Farm |
| 22:12 | Research | Bloodlines |
| 22:19 | Build | Farm |
| 22:21 | Build | Farm |
| 22:29 | Build | House |
| 22:29 | Build | House |
| 22:42 | Queue | Villager (Male) |
| 22:52 | Queue | Villager (Male) |
| 22:57 | Queue | Villager (Male) |
| 23:15 | Research | Iron Casting |
| 23:37 | Queue | Villager (Male) |
| 23:37 | Queue | Villager (Male) |
| 23:39 | Queue | Villager (Male) |
| 23:39 | Queue | Villager (Male) |
| 23:41 | Build | Farm |
| 23:44 | Build | Farm |
| 23:55 | Queue | Knight |
| 23:58 | Build | Stable |
| 24:12 | Queue | Villager (Male) |
| 24:57 | Queue | Villager (Male) |
| 25:03 | Queue | Camel Scout |
| 25:03 | Queue | Camel Scout |
| 25:03 | Queue | Camel Scout |
| 25:03 | Queue | Camel Scout |
Build order — vulpecula
First 150 of 326 actions detected
| 0:00 | Queue | Villager (Male) |
| 0:01 | Queue | Villager (Male) |
| 0:01 | Queue | Villager (Male) |
| 0:01 | Queue | Villager (Male) |
| 0:02 | Build | House |
| 0:04 | Build | House |
| 1:19 | Queue | Villager (Male) |
| 1:44 | Build | Lumber Camp |
| 1:48 | Queue | Villager (Male) |
| 2:23 | Queue | Villager (Male) |
| 2:40 | Queue | Villager (Male) |
| 3:05 | Build | House |
| 3:08 | Queue | Villager (Male) |
| 3:14 | Queue | Villager (Male) |
| 3:23 | Build | Palisade Gate |
| 3:30 | Queue | Villager (Male) |
| 3:49 | Build | Palisade Gate |
| 3:58 | Queue | Villager (Male) |
| 4:06 | Build | Palisade Gate |
| 4:22 | Build | Palisade Gate |
| 4:26 | Queue | Villager (Male) |
| 4:47 | Queue | Villager (Male) |
| 4:47 | Queue | Villager (Male) |
| 5:49 | Build | House |
| 6:09 | Queue | Villager (Male) |
| 6:10 | Queue | Villager (Male) |
| 6:17 | Queue | Villager (Male) |
| 6:22 | Build | Mill |
| 6:28 | Build | House |
| 7:26 | Queue | Villager (Male) |
| 7:27 | Queue | Villager (Male) |
| 7:27 | Queue | Villager (Male) |
| 8:34 | Research | Feudal Age |
| 8:53 | Queue | Villager (Male) |
| 9:06 | Queue | Villager (Male) |
| 9:10 | Build | Farm |
| 9:11 | Build | Farm |
| 9:12 | Build | Farm |
| 9:13 | Build | Farm |
| 10:20 | Build | Mining Camp |
| 10:56 | Age | Feudal Age |
| 11:00 | Build | Market |
| 11:02 | Build | Blacksmith |
| 11:46 | Queue | Villager (Male) |
| 11:58 | Research | Castle Age |
| 12:40 | Queue | Villager (Male) |
| 12:40 | Queue | Villager (Male) |
| 12:44 | Build | Barracks |
| 14:06 | Research | Double-Bit Axe |
| 14:07 | Research | Horse Collar |
| 14:38 | Age | Castle Age |
| 14:40 | Build | Town Center |
| 14:54 | Build | Town Center |
| 14:55 | Queue | Villager (Male) |
| 14:59 | Queue | Villager (Male) |
| 15:01 | Build | Farm |
| 15:12 | Research | Bow Saw |
| 15:25 | Queue | Villager (Male) |
| 15:29 | Build | Farm |
| 15:32 | Build | Farm |
| 15:34 | Queue | Villager (Male) |
| 15:52 | Queue | Villager (Male) |
| 15:52 | Queue | Villager (Male) |
| 15:56 | Queue | Villager (Male) |
| 16:01 | Queue | Villager (Male) |
| 16:09 | Queue | Villager (Male) |
| 16:21 | Build | Farm |
| 16:22 | Queue | Villager (Male) |
| 16:24 | Build | Farm |
| 16:29 | Build | Farm |
| 16:42 | Build | Farm |
| 16:45 | Queue | Villager (Male) |
| 16:53 | Queue | Villager (Male) |
| 16:58 | Build | Monastery |
| 17:04 | Build | Farm |
| 17:16 | Queue | Villager (Male) |
| 17:29 | Queue | Villager (Male) |
| 17:47 | Build | Mining Camp |
| 17:47 | Queue | Monk |
| 17:49 | Build | House |
| 18:16 | Queue | Monk |
| 18:27 | Queue | Villager (Male) |
| 18:30 | Build | Barracks |
| 18:32 | Queue | Villager (Male) |
| 18:32 | Queue | Villager (Male) |
| 18:34 | Queue | Monk |
| 18:37 | Research | Loom |
| 18:39 | Queue | Villager (Male) |
| 18:39 | Queue | Villager (Male) |
| 18:50 | Queue | Villager (Male) |
| 18:50 | Queue | Villager (Male) |
| 18:57 | Build | House |
| 18:58 | Queue | Villager (Male) |
| 19:00 | Build | House |
| 19:01 | Build | House |
| 19:07 | Build | Farm |
| 19:11 | Build | Stable |
| 19:12 | Queue | Villager (Male) |
| 19:19 | Queue | Villager (Male) |
| 19:21 | Queue | Villager (Male) |
| 19:32 | Build | Farm |
| 19:33 | Build | Farm |
| 19:34 | Build | Farm |
| 20:01 | Queue | Villager (Male) |
| 20:01 | Queue | Villager (Male) |
| 20:04 | Build | Lumber Camp |
| 20:06 | Build | House |
| 20:07 | Build | House |
| 20:08 | Build | House |
| 20:08 | Build | House |
| 20:08 | Build | House |
| 20:08 | Build | House |
| 20:09 | Build | House |
| 20:33 | Build | Farm |
| 20:40 | Queue | Villager (Male) |
| 20:44 | Queue | Camel Scout |
| 20:44 | Queue | Camel Scout |
| 20:48 | Build | Stable |
| 20:49 | Queue | Villager (Male) |
| 20:51 | Build | Farm |
| 20:53 | Queue | Villager (Male) |
| 21:14 | Queue | Villager (Male) |
| 21:20 | Build | Siege Workshop |
| 21:21 | Queue | Villager (Male) |
| 21:29 | Queue | Villager (Male) |
| 21:49 | Queue | Camel Scout |
| 21:49 | Queue | Camel Scout |
| 21:57 | Build | Farm |
| 21:58 | Build | Farm |
| 21:59 | Build | Farm |
| 22:05 | Build | Farm |
| 22:06 | Build | Farm |
| 22:06 | Build | Farm |
| 22:06 | Build | Farm |
| 22:06 | Build | Farm |
| 22:07 | Build | Farm |
| 22:07 | Build | Farm |
| 22:24 | Build | House |
| 22:25 | Build | House |
| 22:29 | Research | Scale Barding Armor |
| 22:32 | Queue | Villager (Male) |
| 22:54 | Queue | Camel Scout |
| 22:54 | Queue | Camel Scout |
| 23:31 | Queue | Camel Scout |
| 23:31 | Queue | Camel Scout |
| 23:32 | Queue | Camel Scout |
| 23:36 | Queue | Villager (Male) |
| 23:36 | Queue | Villager (Male) |
| 23:37 | Queue | Villager (Male) |
| 23:46 | Queue | Villager (Male) |
Build order — [GDL] El Bromas
141 actions detected in the replay
| 0:01 | Queue | Villager (Male) |
| 0:02 | Queue | Villager (Male) |
| 0:03 | Build | House |
| 0:04 | Build | House |
| 0:05 | Queue | Villager (Male) |
| 0:06 | Queue | Villager (Male) |
| 1:39 | Queue | Villager (Male) |
| 1:39 | Queue | Villager (Male) |
| 1:49 | Build | Lumber Camp |
| 2:06 | Queue | Villager (Male) |
| 2:07 | Queue | Villager (Male) |
| 2:07 | Queue | Villager (Male) |
| 2:09 | Build | House |
| 2:10 | Build | House |
| 2:21 | Queue | Villager (Male) |
| 2:21 | Queue | Villager (Male) |
| 2:52 | Queue | Villager (Male) |
| 2:52 | Queue | Villager (Male) |
| 3:11 | Queue | Villager (Male) |
| 3:11 | Queue | Villager (Male) |
| 3:47 | Queue | Villager (Male) |
| 3:47 | Queue | Villager (Male) |
| 3:58 | Queue | Villager (Male) |
| 3:59 | Queue | Villager (Male) |
| 3:59 | Queue | Villager (Male) |
| 4:09 | Queue | Villager (Male) |
| 4:09 | Queue | Villager (Male) |
| 4:21 | Queue | Villager (Male) |
| 4:21 | Queue | Villager (Male) |
| 4:43 | Queue | Villager (Male) |
| 4:45 | Research | Loom |
| 5:18 | Build | Mining Camp |
| 6:25 | Research | Feudal Age |
| 6:26 | Research | Feudal Age |
| 8:35 | Age | Feudal Age |
| 8:38 | Build | Watch Tower |
| 8:42 | Build | Blacksmith |
| 8:46 | Queue | Villager (Male) |
| 8:47 | Queue | Villager (Male) |
| 8:49 | Research | Town Watch |
| 9:48 | Build | Mill |
| 10:20 | Research | Fletching |
| 11:32 | Build | Watch Tower |
| 11:48 | Queue | Villager (Male) |
| 11:48 | Queue | Villager (Male) |
| 12:09 | Build | Watch Tower |
| 12:18 | Queue | Villager (Male) |
| 12:19 | Queue | Villager (Male) |
| 12:39 | Queue | Villager (Male) |
| 12:52 | Build | House |
| 13:34 | Build | Watch Tower |
| 13:40 | Queue | Villager (Male) |
| 13:40 | Queue | Villager (Male) |
| 15:29 | Build | Mining Camp |
| 15:32 | Queue | Villager (Male) |
| 15:33 | Queue | Villager (Male) |
| 15:33 | Queue | Villager (Male) |
| 17:10 | Queue | Villager (Male) |
| 17:11 | Queue | Villager (Male) |
| 17:11 | Queue | Villager (Male) |
| 17:11 | Queue | Villager (Male) |
| 17:11 | Queue | Villager (Male) |
| 17:25 | Build | House |
| 17:44 | Build | Farm |
| 17:47 | Build | Farm |
| 17:48 | Build | Farm |
| 17:52 | Queue | Villager (Male) |
| 18:27 | Build | Farm |
| 18:28 | Build | Farm |
| 18:30 | Build | Farm |
| 18:31 | Build | Farm |
| 18:34 | Build | Farm |
| 18:37 | Build | Farm |
| 18:42 | Build | Farm |
| 18:44 | Build | Farm |
| 19:01 | Build | Watch Tower |
| 19:10 | Build | Farm |
| 19:24 | Build | Farm |
| 19:25 | Queue | Villager (Male) |
| 19:26 | Queue | Villager (Male) |
| 19:26 | Queue | Villager (Male) |
| 19:33 | Build | House |
| 19:38 | Build | House |
| 19:53 | Build | Farm |
| 20:14 | Build | Farm |
| 21:12 | Queue | Villager (Male) |
| 21:12 | Queue | Villager (Male) |
| 21:15 | Queue | Villager (Male) |
| 21:22 | Build | Palisade Wall |
| 21:56 | Build | Market |
| 22:49 | Research | Castle Age |
| 23:20 | Build | Barracks |
| 25:29 | Age | Castle Age |
| 25:34 | Research | Bodkin Arrow |
| 27:24 | Build | Castle |
| 27:35 | Build | Palisade Gate |
| 27:51 | Queue | Spearman |
| 27:51 | Queue | Spearman |
| 27:51 | Queue | Spearman |
| 27:51 | Queue | Spearman |
| 28:08 | Queue | Villager (Male) |
| 28:08 | Queue | Villager (Male) |
| 28:09 | Queue | Villager (Male) |
| 28:09 | Queue | Villager (Male) |
| 28:09 | Queue | Villager (Male) |
| 28:15 | Build | Mining Camp |
| 30:10 | Research | Imperial Age |
| 30:15 | Research | Scale Mail Armor |
| 30:16 | Research | Forging |
| 30:21 | Research | Pikeman (upgrade) |
| 30:22 | Queue | Spearman |
| 30:22 | Queue | Spearman |
| 30:22 | Queue | Spearman |
| 30:22 | Queue | Spearman |
| 30:46 | Build | University |
| 30:54 | Build | Lumber Camp |
| 30:57 | Research | Double-Bit Axe |
| 31:06 | Build | Siege Workshop |
| 31:15 | Queue | Teutonic Knight |
| 31:15 | Queue | Teutonic Knight |
| 31:42 | Research | Masonry |
| 31:48 | Queue | Teutonic Knight |
| 32:13 | Research | Gold Mining |
| 33:23 | Age | Imperial Age |
| 33:27 | Queue | Trebuchet (Packed) |
| 33:31 | Research | Chemistry |
| 33:42 | Research | Wheelbarrow |
| 33:59 | Research | Horse Collar |
| 34:12 | Queue | Trebuchet (Packed) |
| 34:42 | Build | Palisade Gate |
| 34:57 | Queue | Trebuchet (Packed) |
| 35:13 | Queue | Bombard Cannon |
| 35:15 | Queue | Villager (Male) |
| 35:16 | Queue | Villager (Male) |
| 35:16 | Queue | Villager (Male) |
| 35:16 | Queue | Villager (Male) |
| 35:37 | Queue | Bombard Cannon |
| 35:55 | Queue | Spearman |
| 35:55 | Queue | Spearman |
| 35:55 | Queue | Spearman |
| 35:56 | Queue | Spearman |
Build order — Twitch/SyMess
First 150 of 283 actions detected
| 0:01 | Queue | Villager (Male) ×4 |
| 0:02 | Build | House |
| 0:03 | Build | House |
| 1:32 | Queue | Villager (Male) |
| 1:51 | Queue | Villager (Male) |
| 2:14 | Build | Lumber Camp |
| 2:16 | Queue | Villager (Male) |
| 2:33 | Queue | Villager (Male) |
| 3:07 | Queue | Villager (Male) |
| 3:37 | Queue | Villager (Male) |
| 3:52 | Build | House |
| 3:52 | Build | House |
| 3:53 | Build | House |
| 3:54 | Queue | Villager (Male) |
| 4:33 | Queue | Villager (Male) |
| 4:47 | Build | Mill |
| 4:55 | Queue | Villager (Male) |
| 4:55 | Queue | Villager (Male) |
| 5:39 | Queue | Villager (Male) |
| 5:39 | Queue | Villager (Male) |
| 5:40 | Queue | Villager (Male) |
| 6:18 | Build | Mill |
| 6:23 | Queue | Villager (Male) |
| 6:45 | Queue | Villager (Male) |
| 7:37 | Queue | Villager (Male) |
| 7:37 | Queue | Villager (Male) |
| 8:01 | Build | Mining Camp |
| 8:07 | Build | Farm |
| 8:15 | Queue | Villager (Male) |
| 8:29 | Research | Feudal Age |
| 8:51 | Build | Farm |
| 9:36 | Queue | Villager (Male) |
| 9:36 | Queue | Villager (Male) |
| 9:41 | Build | Farm |
| 11:07 | Build | Farm |
| 11:21 | Age | Feudal Age |
| 11:23 | Build | Blacksmith |
| 11:25 | Build | Market |
| 11:41 | Build | House |
| 11:52 | Build | Farm |
| 12:08 | Queue | Villager (Male) |
| 12:12 | Build | Farm |
| 12:43 | Build | Mining Camp |
| 12:47 | Research | Castle Age |
| 12:47 | Research | Castle Age |
| 13:13 | Research | Double-Bit Axe |
| 13:37 | Research | Horse Collar |
| 14:10 | Queue | Villager (Male) |
| 14:11 | Queue | Villager (Male) |
| 15:00 | Build | Farm |
| 15:01 | Build | Farm |
| 15:27 | Age | Castle Age |
| 15:32 | Queue | Villager (Male) |
| 15:51 | Build | University |
| 15:55 | Queue | Villager (Male) |
| 16:44 | Build | Farm |
| 16:51 | Build | House |
| 16:52 | Build | House |
| 16:57 | Queue | Villager (Male) |
| 17:05 | Build | Farm |
| 17:21 | Build | Farm |
| 17:36 | Queue | Villager (Male) |
| 17:47 | Build | Siege Workshop |
| 17:53 | Queue | Villager (Male) |
| 18:29 | Research | Wheelbarrow |
| 18:30 | Research | Loom |
| 18:35 | Build | Palisade Gate |
| 18:39 | Build | Palisade Gate |
| 18:40 | Research | Imperial Age |
| 18:53 | Build | Town Center |
| 18:59 | Build | House |
| 19:01 | Build | House |
| 19:03 | Build | Palisade Wall |
| 19:08 | Build | House |
| 19:17 | Queue | Scorpion |
| 19:27 | Build | Watch Tower |
| 19:32 | Build | House |
| 19:51 | Build | Palisade Wall |
| 19:51 | Queue | Villager (Male) |
| 19:52 | Queue | Villager (Male) |
| 20:52 | Queue | Villager (Male) |
| 21:11 | Queue | Scorpion |
| 21:43 | Queue | Villager (Male) |
| 21:44 | Queue | Villager (Male) |
| 21:52 | Queue | Villager (Male) |
| 22:00 | Build | Farm |
| 22:05 | Age | Imperial Age |
| 22:07 | Build | Barracks |
| 22:13 | Queue | Villager (Male) |
| 22:17 | Build | Farm |
| 22:38 | Queue | Villager (Male) |
| 22:39 | Queue | Villager (Male) |
| 22:48 | Build | Town Center |
| 22:56 | Queue | Villager (Male) |
| 23:17 | Queue | Villager (Male) |
| 23:33 | Queue | Villager (Male) |
| 23:33 | Queue | Villager (Male) |
| 23:45 | Queue | Villager (Male) |
| 23:58 | Queue | Villager (Male) |
| 24:02 | Build | Farm |
| 24:09 | Queue | Villager (Male) |
| 24:23 | Build | Farm |
| 24:24 | Build | Farm |
| 24:26 | Queue | Villager (Male) |
| 24:30 | Build | Farm |
| 24:39 | Queue | Villager (Male) |
| 24:41 | Build | Farm |
| 24:53 | Build | Castle |
| 25:00 | Queue | Villager (Male) |
| 25:01 | Queue | Villager (Male) |
| 25:01 | Queue | Villager (Male) |
| 25:09 | Build | Farm |
| 25:09 | Build | Farm |
| 25:11 | Queue | Villager (Male) |
| 25:27 | Queue | Villager (Male) |
| 25:27 | Queue | Villager (Male) |
| 25:32 | Build | Farm |
| 25:39 | Build | House |
| 25:40 | Queue | Villager (Male) |
| 25:49 | Queue | Villager (Male) |
| 26:14 | Queue | Villager (Male) |
| 26:15 | Queue | Villager (Male) |
| 26:18 | Build | Farm |
| 26:22 | Queue | Villager (Male) |
| 26:34 | Build | Farm |
| 26:37 | Queue | Villager (Male) |
| 26:46 | Queue | Villager (Male) |
| 26:49 | Build | Farm |
| 26:49 | Build | Farm |
| 26:50 | Build | Farm |
| 26:50 | Build | Farm |
| 26:51 | Queue | Villager (Male) |
| 26:55 | Build | Farm |
| 26:56 | Build | Farm |
| 26:56 | Build | Farm |
| 26:56 | Build | Farm |
| 27:05 | Queue | Villager (Male) |
| 27:08 | Build | Farm |
| 27:09 | Build | Farm |
| 27:14 | Queue | Villager (Male) |
| 27:19 | Build | Farm |
| 27:21 | Queue | Villager (Male) |
| 27:30 | Build | Farm |
| 27:31 | Build | Farm |
| 27:32 | Queue | Villager (Male) |
| 27:37 | Queue | Villager (Male) |
| 27:44 | Queue | Villager (Male) |
| 27:53 | Queue | Villager (Male) |
| 27:54 | Build | Farm |
| 28:01 | Queue | Villager (Male) |
Build order — Cc
First 150 of 278 actions detected
| 0:02 | Queue | Villager (Male) |
| 0:02 | Queue | Villager (Male) |
| 0:03 | Queue | Villager (Male) |
| 0:04 | Build | House |
| 0:05 | Build | House |
| 0:08 | Queue | Villager (Male) |
| 1:27 | Queue | Villager (Male) |
| 1:51 | Build | Lumber Camp |
| 1:58 | Queue | Villager (Male) |
| 1:58 | Queue | Villager (Male) |
| 2:21 | Queue | Villager (Male) |
| 2:21 | Queue | Villager (Male) |
| 2:46 | Queue | Villager (Male) |
| 3:20 | Queue | Villager (Male) |
| 3:20 | Queue | Villager (Male) |
| 3:35 | Queue | Villager (Male) |
| 3:48 | Queue | Villager (Male) |
| 3:56 | Build | House |
| 4:04 | Queue | Villager (Male) |
| 4:52 | Queue | Villager (Male) |
| 5:20 | Queue | Villager (Male) |
| 5:32 | Build | Mill |
| 5:34 | Queue | Villager (Male) |
| 5:35 | Queue | Villager (Male) |
| 5:35 | Queue | Villager (Male) |
| 5:35 | Queue | Villager (Male) |
| 5:35 | Queue | Villager (Male) |
| 5:39 | Queue | Villager (Male) |
| 6:20 | Build | House |
| 6:53 | Queue | Villager (Male) |
| 7:03 | Build | Mining Camp |
| 7:15 | Queue | Villager (Male) |
| 7:29 | Queue | Villager (Male) |
| 8:02 | Build | Farm |
| 8:04 | Queue | Villager (Male) |
| 8:10 | Research | Feudal Age |
| 9:00 | Build | House |
| 10:17 | Build | Farm |
| 11:01 | Age | Feudal Age |
| 11:03 | Build | Market |
| 11:05 | Build | Blacksmith |
| 11:16 | Queue | Villager (Male) |
| 11:16 | Queue | Villager (Male) |
| 11:22 | Build | Farm |
| 11:55 | Research | Castle Age |
| 12:09 | Research | Double-Bit Axe |
| 12:41 | Research | Horse Collar |
| 13:48 | Queue | Villager (Male) |
| 13:48 | Queue | Villager (Male) |
| 14:35 | Age | Castle Age |
| 14:38 | Build | Town Center |
| 14:42 | Build | Town Center |
| 14:46 | Research | Bow Saw |
| 14:49 | Build | Farm |
| 14:56 | Build | Farm |
| 14:57 | Build | Farm |
| 15:02 | Build | Farm |
| 15:04 | Build | Farm |
| 15:10 | Queue | Villager (Male) |
| 15:21 | Build | Farm |
| 15:34 | Queue | Villager (Male) |
| 15:41 | Build | Farm |
| 15:59 | Queue | Villager (Male) |
| 16:01 | Queue | Villager (Male) |
| 16:11 | Queue | Villager (Male) |
| 16:30 | Queue | Villager (Male) |
| 16:32 | Queue | Villager (Male) |
| 16:35 | Queue | Villager (Male) ×2 |
| 16:43 | Build | Farm |
| 16:46 | Build | Farm |
| 16:48 | Build | Farm |
| 16:51 | Build | Farm |
| 16:54 | Build | Farm |
| 16:56 | Queue | Villager (Male) |
| 17:00 | Queue | Villager (Male) |
| 17:00 | Queue | Villager (Male) |
| 17:03 | Build | House |
| 17:04 | Build | House |
| 17:08 | Build | Farm |
| 17:23 | Queue | Villager (Male) |
| 17:26 | Queue | Villager (Male) |
| 17:31 | Build | Farm |
| 17:32 | Build | Farm |
| 17:37 | Build | House |
| 17:38 | Queue | Villager (Male) |
| 17:53 | Queue | Villager (Male) |
| 18:02 | Build | Farm |
| 18:05 | Build | Farm |
| 18:06 | Queue | Villager (Male) ×2 |
| 18:10 | Build | Farm |
| 18:15 | Build | House |
| 18:18 | Queue | Villager (Male) |
| 18:30 | Queue | Villager (Male) |
| 18:34 | Build | Farm |
| 18:34 | Build | Farm |
| 18:36 | Queue | Villager (Male) |
| 18:41 | Queue | Villager (Male) |
| 18:53 | Queue | Villager (Male) |
| 18:56 | Queue | Villager (Male) |
| 19:03 | Build | House |
| 19:04 | Build | House |
| 19:05 | Queue | Villager (Male) |
| 19:12 | Build | Town Center |
| 19:15 | Queue | Villager (Male) |
| 19:21 | Queue | Villager (Male) |
| 19:30 | Queue | Villager (Male) |
| 19:33 | Queue | Villager (Male) |
| 19:38 | Queue | Villager (Male) |
| 19:56 | Queue | Villager (Male) ×2 |
| 20:02 | Build | Farm |
| 20:04 | Build | Farm |
| 20:04 | Build | Farm |
| 20:07 | Queue | Villager (Male) |
| 20:10 | Build | Farm |
| 20:12 | Build | Mining Camp |
| 20:14 | Research | Stone Mining |
| 20:17 | Build | Farm |
| 20:20 | Build | Farm |
| 20:24 | Queue | Villager (Male) |
| 20:29 | Queue | Villager (Male) |
| 20:31 | Queue | Villager (Male) |
| 20:40 | Queue | Villager (Male) |
| 20:45 | Research | Loom |
| 20:49 | Build | Farm |
| 20:49 | Build | Farm |
| 20:52 | Build | Farm |
| 20:54 | Queue | Villager (Male) ×2 |
| 20:57 | Build | Farm |
| 21:08 | Queue | Villager (Male) ×2 |
| 21:11 | Queue | Villager (Male) |
| 21:17 | Queue | Villager (Male) |
| 21:23 | Queue | Villager (Male) |
| 21:30 | Build | Farm |
| 21:31 | Queue | Villager (Male) |
| 21:33 | Queue | Villager (Male) |
| 21:36 | Build | House |
| 21:37 | Build | House |
| 21:39 | Queue | Villager (Male) |
| 21:46 | Build | Lumber Camp |
| 21:47 | Queue | Villager (Male) |
| 21:52 | Build | Farm |
| 21:52 | Queue | Villager (Male) |
| 21:54 | Build | Farm |
| 21:56 | Queue | Villager (Male) |
| 22:03 | Queue | Villager (Male) |
| 22:08 | Queue | Villager (Male) |
| 22:13 | Queue | Villager (Male) |
| 22:18 | Build | Farm |
| 22:19 | Build | Farm |
| 22:23 | Research | Heavy Plow |
Build order — [GDL] Nicky
First 150 of 368 actions detected
| 0:01 | Queue | Villager (Male) ×4 |
| 0:01 | Queue | Villager (Male) ×4 |
| 0:02 | Build | House |
| 0:04 | Build | House |
| 1:32 | Queue | Villager (Male) |
| 1:51 | Build | Lumber Camp |
| 2:02 | Queue | Villager (Male) |
| 2:21 | Queue | Villager (Male) |
| 2:47 | Queue | Villager (Male) |
| 3:02 | Queue | Villager (Male) |
| 3:36 | Queue | Villager (Male) |
| 3:37 | Queue | Villager (Male) |
| 3:50 | Build | House |
| 3:51 | Build | House |
| 3:52 | Build | House |
| 4:09 | Queue | Villager (Male) |
| 4:10 | Queue | Villager (Male) |
| 4:10 | Queue | Villager (Male) |
| 4:19 | Research | Double-Bit Axe |
| 4:33 | Queue | Villager (Male) |
| 5:01 | Queue | Villager (Male) |
| 5:20 | Build | Mill |
| 5:27 | Queue | Villager (Male) |
| 5:28 | Queue | Villager (Male) |
| 5:28 | Queue | Villager (Male) |
| 5:28 | Queue | Villager (Male) |
| 5:54 | Queue | Villager (Male) |
| 6:25 | Queue | Villager (Male) |
| 6:43 | Queue | Villager (Male) |
| 6:46 | Build | Lumber Camp |
| 7:10 | Queue | Villager (Male) |
| 7:34 | Queue | Villager (Male) |
| 7:45 | Queue | Villager (Male) |
| 7:51 | Build | Barracks |
| 8:36 | Build | Mining Camp |
| 8:46 | Research | Feudal Age |
| 8:46 | Research | Feudal Age |
| 8:47 | Research | Feudal Age |
| 10:00 | Build | Farm |
| 10:02 | Build | Farm |
| 10:29 | Queue | Villager (Male) |
| 10:56 | Queue | Villager (Male) |
| 10:57 | Age | Feudal Age |
| 11:00 | Build | Market |
| 11:02 | Build | Stable |
| 11:34 | Build | Farm |
| 11:35 | Build | Farm |
| 12:13 | Research | Castle Age |
| 12:14 | Research | Castle Age |
| 12:44 | Build | Farm |
| 12:50 | Build | Farm |
| 13:16 | Queue | Villager (Male) |
| 13:39 | Queue | Scout Cavalry |
| 13:48 | Build | House |
| 14:01 | Queue | Villager (Male) |
| 14:19 | Queue | Scout Cavalry |
| 14:31 | Queue | Scout Cavalry |
| 14:39 | Build | House |
| 14:53 | Queue | Villager (Male) |
| 14:53 | Age | Castle Age |
| 14:58 | Build | Monastery |
| 15:00 | Build | Monastery |
| 15:08 | Build | Monastery |
| 15:12 | Build | House |
| 15:14 | Queue | Scout Cavalry |
| 15:18 | Research | Bow Saw |
| 15:42 | Research | Horse Collar |
| 15:43 | Queue | Villager (Male) |
| 15:44 | Queue | Monk |
| 15:48 | Queue | Monk |
| 16:07 | Queue | Villager (Male) |
| 16:11 | Queue | Villager (Male) |
| 16:25 | Build | Town Center |
| 16:31 | Queue | Villager (Male) |
| 16:40 | Build | Farm |
| 16:42 | Queue | Monk |
| 16:55 | Build | Farm |
| 16:56 | Build | Farm |
| 16:57 | Build | Farm |
| 17:02 | Queue | Villager (Male) |
| 17:06 | Build | House |
| 17:09 | Build | Farm |
| 17:17 | Queue | Monk |
| 17:31 | Queue | Villager (Male) |
| 17:40 | Build | Farm |
| 17:42 | Queue | Villager (Male) |
| 17:46 | Queue | Villager (Male) |
| 18:05 | Build | House |
| 18:06 | Build | House |
| 18:09 | Queue | Villager (Male) |
| 18:14 | Queue | Monk |
| 18:34 | Queue | Villager (Male) |
| 18:48 | Queue | Villager (Male) |
| 19:03 | Queue | Villager (Male) |
| 19:05 | Build | House |
| 19:06 | Build | House |
| 19:19 | Queue | Villager (Male) |
| 19:27 | Build | Town Center |
| 19:29 | Queue | Villager (Male) |
| 19:47 | Queue | Villager (Male) |
| 19:48 | Queue | Villager (Male) |
| 19:48 | Queue | Villager (Male) |
| 19:58 | Research | Gold Mining |
| 19:58 | Queue | Villager (Male) |
| 20:05 | Queue | Villager (Male) |
| 20:11 | Queue | Villager (Male) |
| 20:17 | Build | House |
| 20:17 | Build | House |
| 20:23 | Queue | Villager (Male) |
| 20:30 | Build | Farm |
| 20:32 | Build | Farm |
| 20:33 | Build | Farm |
| 20:39 | Queue | Villager (Male) |
| 20:43 | Queue | Villager (Male) |
| 20:46 | Build | Farm |
| 20:53 | Queue | Villager (Male) |
| 21:07 | Build | Town Center |
| 21:07 | Queue | Villager (Male) |
| 21:19 | Queue | Villager (Male) |
| 21:26 | Queue | Villager (Male) |
| 21:32 | Queue | Villager (Male) |
| 21:36 | Build | Farm |
| 21:41 | Queue | Villager (Male) |
| 21:45 | Build | House |
| 21:46 | Build | House |
| 21:50 | Queue | Villager (Male) |
| 21:55 | Queue | Villager (Male) |
| 22:07 | Queue | Villager (Male) |
| 22:12 | Build | Farm |
| 22:13 | Build | Farm |
| 22:14 | Build | Farm |
| 22:20 | Build | Farm |
| 22:21 | Build | Farm |
| 22:27 | Queue | Villager (Male) |
| 22:31 | Research | Wheelbarrow |
| 22:32 | Queue | Villager (Male) |
| 22:45 | Build | Lumber Camp |
| 22:46 | Queue | Villager (Male) |
| 22:48 | Build | House |
| 22:49 | Build | House |
| 22:50 | Queue | Villager (Male) |
| 22:59 | Queue | Villager (Male) |
| 23:03 | Build | Farm |
| 23:06 | Queue | Villager (Male) |
| 23:08 | Build | Farm |
| 23:23 | Queue | Villager (Male) |
| 23:42 | Queue | Villager (Male) |
| 23:42 | Queue | Villager (Male) |
| 23:45 | Build | House |
| 23:46 | Build | House |
Match timeline
| 6:53 | GDL Paquita Industrial · wall_segment Palisade Wall x8 |
| 6:55 | GDL Paquita Industrial · wall_segment Palisade Wall x3 |
| 7:51 | [GDL] Nicky · first_building Barracks |
| 8:35 | [GDL] El Bromas · age_up feudal |
| 8:52 | Dekodie · wall_segment Palisade Wall x1 |
| 9:05 | Dekodie · wall_segment Palisade Wall x9 |
| 9:08 | Dekodie · wall_segment Palisade Wall x1 |
| 9:10 | Dekodie · wall_segment Palisade Wall x2 |
| 10:06 | NYU · age_up feudal |
| 10:36 | Dekodie · age_up feudal |
| 10:56 | vulpecula · age_up feudal |
| 10:57 | [GDL] Nicky · age_up feudal |
| 10:58 | Dekodie · wall_segment Palisade Wall x1 |
| 10:59 | GDL Paquita Industrial · age_up feudal |
| 11:01 | Cc · age_up feudal |
| 11:02 | [GDL] Nicky · first_building Stable |
| 11:21 | Twitch/SyMess · age_up feudal |
| 11:26 | Dekodie · first_market_sell 100 stone |
| 11:28 | Dekodie · first_market_buy 100 food |
| 11:53 | vulpecula · first_market_buy 100 food |
| 11:53 | vulpecula · first_market_sell 100 stone |
| 11:55 | [GDL] Nicky · first_market_sell 100 wood |
| 11:56 | [GDL] Nicky · first_market_buy 100 food |
| 12:11 | Dekodie · wall_segment Palisade Wall x1 |
| 12:30 | GDL Paquita Industrial · first_market_buy 100 food |
| 12:31 | GDL Paquita Industrial · first_market_sell 100 wood |
| 12:42 | Dekodie · wall_segment Palisade Wall x5 |
| 12:44 | vulpecula · first_building Barracks |
| 13:02 | GDL Paquita Industrial · first_building Barracks |
| 13:29 | Dekodie · wall_segment Palisade Wall x1 |
| 13:40 | Dekodie · wall_segment Palisade Wall x4 |
| 13:50 | NYU · age_up castle |
| 14:10 | Dekodie · wall_segment Palisade Wall x1 |
| 14:12 | GDL Paquita Industrial · first_building Stable |
| 14:31 | Dekodie · age_up castle |
| 14:35 | Cc · age_up castle |
| 14:35 | Dekodie · first_building Siege Workshop |
| 14:38 | vulpecula · age_up castle |
| 14:53 | [GDL] Nicky · age_up castle |
| 14:57 | GDL Paquita Industrial · age_up castle |
| 14:58 | NYU · first_building Castle |
| 14:58 | [GDL] Nicky · first_building Monastery |
| 15:27 | Twitch/SyMess · age_up castle |
| 16:15 | NYU · first_building Siege Workshop |
| 16:34 | Cc · first_market_buy 100 food |
| 16:58 | vulpecula · first_building Monastery |
| 17:36 | Dekodie · wall_segment Palisade Wall x1 |
| 17:38 | Dekodie · wall_segment Palisade Wall x1 |
| 17:47 | Twitch/SyMess · first_building Siege Workshop |
| 17:59 | Twitch/SyMess · first_market_buy 100 food |
| 19:01 | GDL Paquita Industrial · first_building Siege Workshop |
| 19:03 | Twitch/SyMess · wall_segment Palisade Wall x1 |
| 19:11 | vulpecula · first_building Stable |
| 19:51 | Twitch/SyMess · wall_segment Palisade Wall x1 |
| 21:20 | vulpecula · first_building Siege Workshop |
| 21:22 | [GDL] El Bromas · wall_segment Palisade Wall x1 |
| 22:05 | Twitch/SyMess · age_up imperial |
| 22:07 | Twitch/SyMess · first_building Barracks |
| 22:42 | Cc · first_building Siege Workshop |
| 23:17 | NYU · first_market_sell 100 wood |
| 23:18 | NYU · first_market_buy 100 food |
| 23:20 | [GDL] El Bromas · first_building Barracks |
| 24:53 | Twitch/SyMess · first_building Castle |
| 25:29 | [GDL] El Bromas · age_up castle |
| 25:33 | GDL Paquita Industrial · first_building Monastery |
| 25:36 | Cc · first_building Castle |
| 26:54 | NYU · age_up imperial |
| 27:24 | [GDL] El Bromas · first_building Castle |
| 27:27 | Cc · first_market_sell 100 wood |
| 27:46 | Cc · first_building Barracks |
| 28:16 | vulpecula · tribute_sent a jugador 1 |
| 28:17 | vulpecula · tribute_sent a jugador 2 |
| 28:17 | vulpecula · tribute_sent a jugador 4 |
| 28:17 | vulpecula · tribute_sent a jugador 5 |
| 28:17 | vulpecula · tribute_sent a jugador 6 |
| 28:17 | vulpecula · tribute_sent a jugador 7 |
| 28:17 | vulpecula · tribute_sent a jugador 8 |
| 28:45 | [GDL] Nicky · first_building Castle |
| 28:46 | Dekodie · first_building Castle |
| 28:57 | Dekodie · wall_segment Palisade Wall x1 |
| 29:53 | Cc · first_building Stable |
| 29:55 | Cc · first_building Archery Range |
| 29:57 | Twitch/SyMess · first_building Archery Range |
| 30:04 | GDL Paquita Industrial · tribute_sent a jugador 1 |
| 30:04 | GDL Paquita Industrial · tribute_sent a jugador 3 |
| 30:04 | GDL Paquita Industrial · tribute_sent a jugador 4 |
| 30:04 | GDL Paquita Industrial · tribute_sent a jugador 5 |
| 30:04 | GDL Paquita Industrial · tribute_sent a jugador 6 |
| 30:04 | GDL Paquita Industrial · tribute_sent a jugador 7 |
| 30:04 | GDL Paquita Industrial · tribute_sent a jugador 8 |
| 30:04 | [GDL] El Bromas · first_market_sell 100 food |
| 30:32 | vulpecula · tribute_sent a jugador 1 |
| 30:32 | vulpecula · tribute_sent a jugador 2 |
| 30:32 | vulpecula · tribute_sent a jugador 4 |
| 30:32 | vulpecula · tribute_sent a jugador 5 |
| 30:32 | vulpecula · tribute_sent a jugador 6 |
| 30:32 | vulpecula · tribute_sent a jugador 7 |
| 30:32 | vulpecula · tribute_sent a jugador 8 |
| 30:37 | [GDL] El Bromas · first_market_buy 500 wood |
| 30:44 | Cc · age_up imperial |
| 31:06 | [GDL] El Bromas · first_building Siege Workshop |
| 31:10 | [GDL] Nicky · age_up imperial |
| 32:36 | GDL Paquita Industrial · wall_segment Stone Wall x1 |
| 32:40 | GDL Paquita Industrial · wall_segment Stone Wall x1 |
| 32:43 | GDL Paquita Industrial · wall_segment Stone Wall x1 |
| 32:50 | vulpecula · first_building Archery Range |
| 33:23 | [GDL] El Bromas · age_up imperial |
| 34:02 | Dekodie · age_up imperial |
| 34:43 | vulpecula · tribute_sent a jugador 1 |
| 34:43 | vulpecula · tribute_sent a jugador 2 |
| 34:43 | vulpecula · tribute_sent a jugador 4 |
| 34:43 | vulpecula · tribute_sent a jugador 5 |
| 34:43 | vulpecula · tribute_sent a jugador 6 |
| 34:43 | vulpecula · tribute_sent a jugador 7 |
| 34:43 | vulpecula · tribute_sent a jugador 8 |
| 34:50 | Twitch/SyMess · wall_segment Palisade Wall x1 |
| 35:02 | GDL Paquita Industrial · first_building Castle |
| 36:28 | vulpecula · tribute_sent a jugador 1 |
| 36:28 | vulpecula · tribute_sent a jugador 2 |
| 36:28 | vulpecula · tribute_sent a jugador 4 |
| 36:28 | vulpecula · tribute_sent a jugador 5 |
| 36:28 | vulpecula · tribute_sent a jugador 6 |
| 36:28 | vulpecula · tribute_sent a jugador 7 |
| 36:28 | vulpecula · tribute_sent a jugador 8 |
| 36:47 | Cc · resign |
[ AI ANALYSIS · 1 CREDIT ]
What really happened in this match?
Wolo.gg analyzes every decision: build order, eco, micro, common mistakes by bracket. Personalized analysis on WhatsApp or Discord in 30 seconds.
Civ guide
Italians
Perfil
Jugador #18080147